cohdb
Replays
Latest Replays
All Replays
Popular Replays
Top Player Replays
Match Explorer
How It Works
Community
CoH3 Stats
Reddit
Sign in to upload your games and track your stats! →
Sign in with Steam
Match 47243210
Unlisted
Match 47243210
Overview
Messages
Build Orders
End
Engineer Squad
Construct Barracks
Selects Armored Battlegroup
Selects Veteran Crews
1⁄4-ton 4x4 Truck
1⁄4-ton 4x4 Truck
1⁄4-ton 4x4 Truck
1⁄4-ton 4x4 Truck
Air Support Center
.30 cal Machine Gun
Grasshopper Recon Run
Construct Motor Pool
Selects Fast Deploy
P-47 Dive Bomb
M8 Greyhound Armored Car
P-47 Strafing Run
M8 Greyhound Armored Car
Engineer Squad
Grasshopper Recon Run
M8 Greyhound Armored Car
M8 Greyhound Armored Car
Grasshopper Recon Run
M8 Greyhound Armored Car
Selects Seek and Destroy
糕团团
帝国大机霸贝克尔少校
怎么绘世的猪莎公主
xizi20
moemoe
Glorb
welnez
likewind3
0
0
Comments
sign in to comment!
No comments posted yet!